Map: Pylon LE

Players

LigerMaNN - Winner!

  • Race: Zerg Zerg
  • League: Diamond
  • Spawn Location: 11:00

A.I. 1 (Elite)

  • Race: Protoss Protoss
  • Spawn Location: 5:00

VOD

Have the link to the VOD?

Description

Time

  • Played on: June 4, 2025, 3:28 p.m.
  • Length: 10:10
Show
View Real Time Build Order
Export as new Build Order

LigerMaNN Zerg - Winner!

Build Orders: Hatch First 

Get SALT Encoding   

  12  0:00  Drone  
  13  0:12  Overlord  
  13  0:17  Drone  
  14  0:30  Drone x2  
  16  0:47  Hatchery  
  15  0:51  Drone  
  15  0:54  Drone  
  17  0:58  Drone  
  18  1:09  Extractor  
  17  1:14  Spawning Pool  
  17  1:16  Drone  
  17  1:20  Drone  
  18  1:28  Drone  
  19  1:39  Overlord  
  19  2:00  Queen  
  19  2:01  Queen  
  23  2:02  Zergling x6  
  26  2:11  Drone x2  
  26  2:15  Metabolic Boost  
  28  2:22  Drone x2  
  30  2:34  Overlord  
  30  2:46  Hatchery  
  29  2:57  Drone x4  
  32  3:02  Pneumatized Carapace  
  32  3:13  Drone  
  32  3:14  Drone x3  
  32  3:16  Drone  
  32  3:17  Drone  
  38  3:22  Overlord  
  38  3:25  Drone  
  39  3:28  Overlord  
  39  3:40  Zergling x10  
  44  3:44  Zergling x4  
  46  3:49  Queen  
  46  3:53  Drone x2  
  50  4:02  Lair  
  50  4:05  Queen  
  52  4:12  Drone x6  
  49  4:42  Drone x11  
  60  4:46  Queen  
  60  4:47  Queen  
  64  4:59  Extractor  
  63  5:00  Extractor  
  63  5:01  Extractor  
  63  5:02  Extractor  
  63  5:03  Extractor  
  63  5:05  Drone x6  
  65  5:12  Overlord  
  65  5:22  Hatchery  
  65  5:27  Evolution Chamber  
  63  5:30  Baneling Nest, Evolution Chamber  
  63  5:31  Hatchery  
  60  5:48  Drone x3  
  60  5:49  Drone x3  
  66  5:50  Drone x2  
  66  5:52  Drone x3  
  66  5:53  Drone x3  
  66  5:56  Overlord x2  
  74  6:14  Zergling x22  
  74  6:15  Zergling x4  
  74  6:17  Zerg Melee Weapons Level 1, Zerg Ground Armor Level 1  
  87  6:18  Centrifugal Hooks  
  87  6:22  Hydralisk Den  
  86  6:27  Drone x2  
  86  6:28  Drone  
  89  6:37  Overlord x2  
  89  6:38  Overlord x2  
  89  7:00  Zergling x28  
  103  7:08  Queen  
  103  7:10  Muscular Augments  
  103  7:11  Hydralisk  
  103  7:12  Hydralisk x6  
  103  7:15  Baneling x5  
  119  7:16  Baneling x16  
  119  7:17  Baneling  
  119  7:19  Zergling x4  
  121  7:43  Hydralisk x2  
  125  7:45  Overlord x2  
  125  7:46  Overlord x4  
  125  8:04  Queen  
  127  8:05  Hydralisk  
  127  8:06  Hydralisk x10  
  127  8:08  Zergling x4  
  127  8:12  Drone  
  152  8:13  Drone x4  
  152  8:14  Drone, Grooved Spines  
  157  8:44  Hydralisk  
  157  8:45  Hydralisk x7  
  157  8:47  Zergling x2  
  174  9:05  Overlord  
  174  9:06  Overlord x3  
  163  9:27  Zergling x30  
  163  9:28  Zergling x4  
  171  9:44  Zergling x14  
  171  9:45  Zergling x14  
Show
View Real Time Build Order
Export as new Build Order

A.I. 1 (Elite) Protoss 

Build Orders: Blink Stalkers, Zealot Archon 

Get SALT Encoding   

  12  0:00  Probe  
  13  0:13  Probe  
  14  0:20  Pylon  
  14  0:25  Probe  
  15  0:34  Probe  
  15  0:42  Probe  
  16  0:48  Assimilator  
  17  0:51  Gateway  
  17  0:52  Probe  
  18  0:59  Pylon  
  18  1:00  Probe  
  18  1:08  Probe  
  20  1:18  Probe  
  21  1:33  Probe, Assimilator  
  21  1:39  Zealot  
  24  1:42  Cybernetics Core  
  24  1:45  Probe  
  25  1:56  Probe  
  26  2:02  Pylon  
  26  2:05  Probe  
  26  2:09  Warp Gate  
  27  2:17  Stalker  
  29  2:23  Twilight Council  
  29  2:26  Gateway, Probe  
  30  2:38  Probe  
  31  2:45  Stalker  
  32  3:02  Blink  
  32  3:12  Adept  
  34  3:15  Gateway, Zealot  
  36  3:24  Gateway  
  36  3:39  Robotics Facility  
  35  3:42  Adept  
  37  3:55  Pylon  
  37  4:02  Templar Archives  
  37  4:09  Probe  
  38  4:18  Pylon  
  38  4:26  Zealot  
  32  4:40  High Templar  
  34  4:55  High Templar  
  34  4:59  Archon, Adept, Zealot  
  40  5:07  Nexus  
  40  5:28  High Templar  
  42  5:49  Forge  
  42  5:55  High Templar  
  44  5:59  Archon  
  44  6:01  Forge  
  44  6:16  Probe  
  44  6:19  Probe  
  44  6:24  Probe  
  44  6:25  High Templar  
  48  6:29  Assimilator  
  48  6:31  Assimilator  
  48  6:32  Probe  
  50  6:34  Probe  
  51  6:44  Probe  
  51  6:46  Probe  
  53  6:51  High Templar  
  55  6:56  Probe  
  55  6:58  Probe  
  55  6:59  Stalker  
  59  7:04  Stalker  
  59  7:07  Nexus  
  59  7:08  Probe  
  62  7:09  Stalker  
  62  7:10  Probe, Archon  
  62  7:11  Pylon  
  65  7:23  High Templar  
  65  7:29  Probe x2  
  69  7:34  Pylon  
  69  7:37  High Templar  
  69  7:41  Probe  
  69  7:42  Probe  
  73  7:46  Sentry  
  73  7:48  Adept  
  77  7:53  Probe  
  77  7:54  Pylon, Probe  
  77  7:55  Observer  
  77  7:56  Archon  
  80  8:05  Probe  
  81  8:06  Probe  
  81  8:09  High Templar  
  84  8:15  Probe  
  84  8:16  Pylon  
  84  8:17  Probe  
  84  8:18  Probe  
  87  8:23  Probe  
  87  8:25  High Templar  
  89  8:29  Probe  
  89  8:30  Stalker  
  89  8:31  Probe x2, Assimilator  
  89  8:32  Assimilator  
  94  8:34  Stalker  
  97  8:41  Probe  
  97  8:42  Probe, Stalker  
  97  8:44  Probe  
  97  8:46  Archon  
  97  8:48  Pylon, Stalker  
  104  8:52  Zealot  
  104  8:54  Probe x2  
  108  8:56  Probe  
  108  8:57  Zealot  
  111  9:05  Zealot  
  111  9:06  Probe  
  111  9:07  Probe  
  111  9:08  Pylon, Probe  
  116  9:10  Sentry  
  116  9:13  Stalker  
  120  9:18  Probe, Stalker  
  120  9:19  Probe  
  120  9:21  Probe  
  110  9:25  Zealot  
  110  9:26  Probe  
  79  9:32  Zealot  
  79  9:33  Probe  
  79  9:34  Probe  
  79  9:35  Probe  
  79  9:36  Stalker  
  77  9:41  Sentry  
  77  9:45  High Templar  
  63  9:46  Zealot  
Tags
 
League
Diamond
Matchup
PvZ
Replay Pack
June 2025
Spawn Locations
Cross Positions
Add a new tag
Caveats
  • Supply blocks, unpowered buildings, or Contaminate may cause inaccurate times.
  • Supply counts are checked every 10 seconds.